AoeStats
← papaK

Arabia

510520417Analyzed
1v1 RM · 2d ago on Oct 1, 2026· 34m 37s· 2 players
Game mode
Random Map
Map size
Tiny (2 player)
Population
200
Speed
Normal
Resources
Standard
Victory
Conquest
Starting age
Dark Age
Ending age
Imperial Age
RankedLock teamsTeams togetherTeam positionsShared explorationLock speedFull tech treeHidden civsTurbo modeCheats
Victory
Defeat
🇨🇳 Magyars · China
1238
+15
🇳🇴 Saxons · Norway
1219
-15
papaK
7:04 Loom
10:31 Feudal Age
10:44 Man-at-Arms
11:57 Horse Collar
13:33 Double-Bit Axe
23:33 Castle Age
21:30 Fletching
22:52 Stone Mining
24:49 Bow Saw
24:25 Light Cavalry
27:45 Wheelbarrow
30:32 Gold Mining
31:24 Bloodlines
34:01 Town Watch
34:41 Heavy Plow
34:57 Scale Mail Armor
gionm
5:34 Loom
9:20 Feudal Age
10:00 Double-Bit Axe
10:49 Horse Collar
16:02 Fletching
17:36 Padded Archer Armor
25:36 Castle Age
23:30 Gold Mining
23:32 Stone Mining
28:20 Bodkin Arrow
29:29 Wheelbarrow
28:39 Town Watch
29:14 Leather Archer Armor
29:15 Bow Saw
29:51 Heavy Plow
30:24 Ballistics
31:36 Scale Barding Armor
32:36 Bloodlines
33:35 Thumb Ring
33:41 Husbandry
Connection lost

Rejoining the realm…

Still unreachable

The connection could not be restored.

Session expired

The server has moved on; the page needs a fresh start.